 Dungeon Crawl Stone Soup version 0.18-a0-1426-g3b9a63c (webtiles) character file.

56 chei the Magician (level 3, -2/28 HPs)
             Began as a Naga Wizard on Feb 27, 2016.
             Slain by a worm (8 damage)
             ... on level 2 of the Dungeon.
             The game lasted 00:04:57 (2298 turns).

chei the Magician (Naga Wizard)                     Turns: 2298, Time: 00:04:58

Health: -2/28      AC:  3    Str:  9    XL:     3   Next: 95%
Magic:  0/8        EV: 10    Int: 24    God:
Gold:   47         SH:  0    Dex:  9    Spells: 3 memorised, 4 levels left

rFire  . . .     SeeInvis +     k - +0 dagger
rCold  . . .     Gourm    .     a - +0 robe
rNeg   . . .     Faith    .     (no shield)
rPois  +         Spirit   .     b - +0 hat
rElec  .         Dismiss  .     i - +0 cloak
rCorr  .         Reflect  .     (no gloves)
SustAt .         Harm     .     (no barding)
MR     .....                    (no amulet)
Stlth  ++........               (no ring)
                                (no ring)

@: brilliant, very slightly contaminated, very slow, not resistant to hostile
enchantments, unstealthy
A: see invisible, deformed body, poison resistance, slowness 2, slow metabolism
1, spit poison 2, AC +1
a: Spit Poison


You were on level 2 of the Dungeon.
You were not hungry.

You visited 1 branch of the dungeon, and saw 2 of its levels.

You collected 47 gold pieces.

Inventory:

Hand Weapons
 k - a +0 dagger (weapon)
Armour
 a - a +0 robe (worn)
 b - a +0 hat (worn)
 i - a +0 cloak (worn)
Scrolls
 e - a scroll of remove curse {unknown}
 h - 2 scrolls of identify {unknown}
Books
 c - a book of Minor Magic

   Spells                             Type                      Level
   a - Magic Dart                     Conjuration                  1
   b - Blink                          Translocation                2
   c - Call Imp                       Summoning                    2
   d - Repel Missiles                 Charms/Air                   2
   e - Slow                           Hexes                        2
   f - Conjure Flame                  Conjuration/Fire             3
   g - Mephitic Cloud                 Conjuration/Poison/Air       3
Comestibles
 d - a bread ration


   Skills:
 + Level 0.2 Fighting
 + Level 1.9 Dodging
 + Level 3.1 Stealth
 + Level 4.0 Spellcasting
 + Level 1.6 Conjurations
   Level 1.0 Summonings
 + Level 1.0 Translocations


You had 4 spell levels left.
You knew the following spells:

 Your Spells              Type           Power        Failure   Level  Hunger
a - Magic Dart            Conj           ####         1%          1    None
b - Mephitic Cloud        Conj/Pois/Air  ###.....     3%          3    ##.....
c - Blink                 Tloc           N/A          1%          2    #......


Dungeon Overview and Level Annotations

Branches:
Dungeon (2/15)

Altars:


Innate Abilities, Weirdness & Mutations

You cannot wear boots.
Your serpentine skin is tough (AC +1).
You have supernaturally acute eyesight.
Armour fits poorly on your strangely shaped body.
Your system is resistant to poisons.
You cover ground very slowly.
You have a slow metabolism.
You can spit poison.


Message History

Confirm with . or Enter, or press ? or * to list all spells.
Aiming: Magic Dart
Press: ? - help, Shift-Dir - straight line, f/p - worm
Aim: a worm (heavily wounded)
You miscast Magic Dart.
You smell something strange.
The worm bites you!
Press: ? - help, Shift-Dir - straight line, f/p - worm
Aim: a worm (heavily wounded)
The splash of poison hits the worm.
The worm is poisoned.
The worm is severely wounded.
You feel slightly more hungry. The worm bites you!
* * * LOW HITPOINT WARNING * * *
You hit the worm.
The worm is severely wounded.
Unknown command.
Drink which item? (? for menu, Esc to quit)
It was a potion of brilliance.
You feel clever all of a sudden.
You have got your breath back.
The worm bites you!
You die...

### ##########.####
#### .........<....#
#... ##########.#♣.♣
... ##### #.#♣.♣###..
....# #..♣.♣....
###.# ###♣.♣#..
♣##.##### ♣.♣#w#
#...^...# ♣.♣#@#
♣.♣.###.#####.##.####
....................#
♣.♣..##[######.####.#
..(.....######.###
...
♣.#..##..........#
.###
..#..##.######.#.##..
..#..##..#####.#.##.#
#....♣.♣.....#.##>##


You could see a worm.

Vanquished Creatures
  An adder (D:2)
  An ooze (D:1)
  A dart slug (D:1)
  A giant gecko (D:1)
  6 bats
  A giant cockroach (D:1)
  7 hobgoblins
  A ball python (D:1)
  2 giant newts (D:1)
  5 goblins
  4 kobolds
  10 rats
40 creatures vanquished.

Notes
Turn   | Place    | Note
--------------------------------------------------------------
     0 | D:1      | chei the Naga Wizard began the quest for the Orb.
     0 | D:1      | Reached XP level 1. HP: 15/15 MP: 4/4
   467 | D:1      | Reached XP level 2. HP: 20/22 MP: 4/6
  1389 | D:1      | Reached XP level 3. HP: 24/28 MP: 8/8
  1736 | D:1      | Learned a level 3 spell: Mephitic Cloud
  1739 | D:1      | Learned a level 2 spell: Blink
  1913 | D:2      | Reached skill level 4 in Spellcasting
  2298 | D:2      | Slain by a worm

Vault maps used:
D:1:      co_arrival_square_in_a_square_in_a_square, patterned_corridor
D:2:      serial_forest, infiniplex_forest_straight_2,
          infiniplex_forest_zigzag_2, infiniplex_forest_corner_1,
          infiniplex_forest_lined_4_way, infiniplex_forest_straight_2,
          infiniplex_forest_straight_3, infiniplex_forest_straight_3,
          infiniplex_forest_lined_room_, wad_floor_pattern_1

Skill      XL: |  1  2  3 |
---------------+----------+-----
Spellcasting   | 4 |  4.0
Fighting       | |  0.2
Dodging        | |  1.9
Stealth        | |  3.1
Conjurations   | |  1.6
Summonings     | |  1.0
Translocations | |  1.0

Action                   || total
-------------------------++-------
Melee: Unarmed           ||    66
       Dagger            ||    23
 Cast: Magic Dart        ||    71
 Abil: Spit Poison       ||     9
  Use: Potion            ||     3
 Stab: Sleeping          ||     1
  Eat: Bread ration      ||     1
       Chunk             ||     1
